 Dungeon Crawl Stone Soup version 0.29.1-12-g30fa7ad0bf (webtiles) character file.

Game seed: 11318382927620253772

40616 cheesebisquit the Severer (level 13, -1/125 HPs)
             Began as a Minotaur Berserker on Dec 11, 2022.
             Was a High Priest of Trog.
             Slain by a 16-headed hydra (7 damage)
             ... on level 4 of the Lair of Beasts on Dec 12, 2022.
             The game lasted 01:26:32 (16750 turns).

cheesebisquit the Severer (Minotaur Berserker)     Turns: 16750, Time: 01:26:32

Health: -1/125     AC: 26    Str: 26    XL:     13   Next: 75%
Magic:  12/12      EV:  7    Int:  4    God:    Trog [*****.]
Gold:   1416       SH: 14    Dex: 11    Spells: 12/12 levels left

rFire   . . .      SeeInvis .   s - +6 broad axe (venom)
rCold   . . .      Faith    .   U - +1 kite shield
rNeg    . . .      Spirit   .   O - +3 plate armour
rPois   .          Reflect  .   (helmet restricted)
rElec   .          Harm     .   J - scarf {+Inv}
rCorr   +          Rampage  .   Z - +1 pair of gloves
Will    ++...                   X - +1 pair of boots
Stlth   ..........              D - amulet of regeneration
HPRegen 2.10/turn               h - +4 ring of protection
MPRegen 0.13/turn               L - ring of resist corrosion

@: strong-willed, regenerating
A: horns 2, retaliatory headbutt
a: Renounce Religion, Evoke Invisibility, Berserk, Trog's Hand, Brothers in Arms


You were on level 4 of the Lair of Beasts.
You worshipped Trog.
Trog was extremely pleased with you.
You visited 2 branches of the dungeon, and saw 17 of its levels.
You also visited: Ossuary and Ice Cave.

You collected 1416 gold pieces.

Inventory:

Hand Weapons
 a - a +0 hand axe
 s - a +6 broad axe of venom (weapon)
 R - a +0 war axe of flaming
Missiles
 T - 15 poisoned darts (quivered)
 V - 2 throwing nets
Armour
 J - a scarf of invisibility (worn)
 O - a +3 plate armour (worn)
 U - a +1 kite shield (worn)
 X - a +1 pair of boots (worn)
 Z - a +1 pair of gloves (worn)
Jewellery
 b - a ring of flight
 d - a ring of poison resistance
 h - a +4 ring of protection (left hand)
 D - an amulet of regeneration (around neck)
 F - an amulet of the acrobat
 H - a ring of protection from cold
 L - a ring of resist corrosion (right hand)
Wands
 x - a wand of flame (48)
 I - a wand of charming (24)
 K - a wand of iceblast (22)
 M - a wand of light (19)
 N - a wand of polymorph (7)
 Q - a wand of mindburst (26)
Scrolls
 e - a scroll of blinking
 f - a scroll of torment {unknown}
 k - 6 scrolls of fog
 l - a scroll of enchant weapon {unknown}
 m - a scroll of acquirement {unknown}
 p - 4 scrolls of immolation
 y - a scroll of teleportation
 z - a scroll of poison {unknown}
 B - 2 scrolls of silence
 C - 2 scrolls of fear
 E - a scroll of brand weapon
 G - 3 scrolls of magic mapping
 P - a scroll of vulnerability
Potions
 g - 3 potions of cancellation
 j - a potion of haste
 n - 3 potions of brilliance
 o - 2 potions of flight
 q - 4 potions of lignification
 r - 4 potions of might
 t - a potion of berserk rage
 u - 5 potions of mutation
 v - 3 potions of magic
 w - 6 potions of curing
 A - a potion of attraction {unknown}
Miscellaneous
 c - a tin of tremorstones (2/2)
 Y - a condenser vane


   Skills:
 + Level 14.6 Fighting
 - Level 17.5 Axes
 - Level 9.8 Armour
 - Level 2.4 Dodging
 + Level 15.1 Shields


You had 12 spell levels left.
You didn't know any spells.
Your spell library was empty.

Dungeon Overview and Level Annotations

Branches:
Dungeon (12/15)            Temple (0/1) D:6            Lair (5/5) D:9
  Swamp (0/4) Lair:3        Snake (0/4) Lair:2          Orc (0/2) D:10
Ossuary (visited)           IceCv (visited)
  Slime: Lair:4-5

Altars:
Fedhas
Makhleb
Ru
Uskayaw
Vehumet
Wu Jian
Xom
Yredelemnul

Portals:
Abyss: D:4

Annotations:
Lair:3 2 runed translucent doors, boopmooplesden's ghost, journeyman MiBe


Innate Abilities, Weirdness & Mutations

You have a pair of horns on your head.
You reflexively headbutt those who attack you in melee.


Message History

The 15-headed hydra barely misses you.
The 15-headed hydra bites you but does no damage. x2
You block the 15-headed hydra's attack.
The 15-headed hydra bites you but does no damage. x3
You block the 15-headed hydra's attack. x2
The 15-headed hydra bites you but does no damage.
Your skin crawls.
You feel strong-willed. The 15-headed hydra bites you.
The 15-headed hydra barely misses you. You block the 15-headed hydra's attack.
The 15-headed hydra bites you but does no damage.
The 15-headed hydra closely misses you. x2
The 15-headed hydra bites you but does no damage.
The 15-headed hydra bites you.
The 15-headed hydra bites you but does no damage.
The 15-headed hydra bites you.
You block the 15-headed hydra's attack. x2
The 15-headed hydra bites you.
* * * LOW HITPOINT WARNING * * *
The 15-headed hydra completely misses you.
You block the 15-headed hydra's attack.
You slice one of the 15-headed hydra's heads off!
The 14-headed hydra grows two more!
You slash the 16-headed hydra!
The 16-headed hydra is severely wounded.
The 16-headed hydra bites you!
* * * LOW HITPOINT WARNING * * *
The 16-headed hydra bites you but does no damage.
You block the 16-headed hydra's attack.
The 16-headed hydra bites you but does no damage.
The 16-headed hydra bites you!
* * * LOW HITPOINT WARNING * * *
The 16-headed hydra bites you!
* * * LOW HITPOINT WARNING * * *
The 16-headed hydra bites you.
* * * LOW HITPOINT WARNING * * *
You block the 16-headed hydra's attack.
The 16-headed hydra bites you but does no damage. x2
You block the 16-headed hydra's attack.
The 16-headed hydra bites you but does no damage. x4
The 16-headed hydra bites you!
You die...

##### ### #P......># #P.##
###........# #...# ####
##.#........##### #...##
##P.####......~.~...##.#####...##
..............~~~~~..............
..#####.##...~≈≈≈≈≈~~...#.##.....
..# #...##.~≈≈≈≈≈≈~~..#####.....
..# ##..##..~≈≈~D†~≈~~.## ##.....
.P# #...P##~≈~≈†@~≈~≈...# #......
..# ##..###~~≈≈.††≈≈~..## #......
.######.###.~~~~~≈~~~..# ##.....
..#..#..##..~≈~≈≈≈≈~...# #.....
........##....~~~≈~~...## #.....
#..#.#..##.#..~...~.#P..####.....
#######.#...#...#.####..#.##.....
#..........................
#.......................#..


You could see a 16-headed hydra (extremely poisoned).

Vanquished Creatures
  A boulder beetle (D:12)
  2 two-headed ogres
  7 death yaks
  Urug (Lair:3)
  2 ugly things
  A manticore (D:12)
  An oklob plant (Lair:2)
  A cyclops (D:11)
  A toenail golem (D:4)
  2 black mambas
  13 cane toads
  A torpor snail (Lair:4)
  10 gargoyles
  4 komodo dragons
  4 rime drakes
  3 trolls
  Prince Ribbit (D:7)
  8 hornets
  6 dream sheep (Lair:4)
  21 blink frogs
  3 shadows
  2 wyverns (D:8)
  40 yaks
  3 basilisks
  2 wraiths (D:11)
  3 vampire mosquitoes (Lair:3)
  2 steam dragons
  A harpy simulacrum (IceCv)
  2 acid dragons (D:9)
  14 water moccasins
  An ice beast (D:5)
  2 ogres
  3 orc warriors
  A black bear (D:5)
  4 centaurs (D:12)
  9 wolves
  2 kobold brigands
  2 phantoms (D:5)
  2 elf zombies (Ossuary)
  6 bullfrogs
  4 scorpions
  A necrophage (D:8)
  6 gnoll sergeants (D:8)
  A cane toad simulacrum (IceCv)
  A small abomination (D:4)
  4 jellies
  5 killer bees
  The ghost of mkat the Cutter, a weakling DgGl (D:4)
  An elephant simulacrum (IceCv)
  8 howler monkeys
  4 electric eels
  A human zombie (Ossuary)
  8 hounds
  2 gnoll boudas (D:8)
  8 orc priests
  12 orc wizards
  2 iguanas
  A polar bear simulacrum (IceCv)
  A wolf simulacrum (IceCv)
  2 hound zombies (Ossuary)
  4 mummies (Ossuary)
  27 gnolls
  7 adders
  3 shadow imps
  3 white imps
  An ufetubus (D:5)
  An adder zombie (Ossuary)
  A worm (D:2)
  4 dart slugs
  57 orcs
  5 endoplasms
  2 giant cockroaches
  9 goblins
  6 hobgoblins
  8 jackals
  4 kobolds
  7 quokkas
  10 ball pythons
  5 bats
  4 frilled lizards
  3 jackal zombies (Ossuary)
  A kobold zombie (Ossuary)
  2 orc zombies (Ossuary)
  5 rats
  A bush (Lair:2)
  2 butterflies (Lair:4)
449 creatures vanquished.

Vanquished Creatures (others)
  A scorpion (D:5)
  A howler monkey (D:5)
  An adder (D:5)
  2 gnolls (D:8)
  7 fungi
  10 plants
22 creatures vanquished.

Grand Total: 471 creatures vanquished

Notes
Turn   | Place    | Note
-------+----------+-------------------------------------------
     0 | D:1      | cheesebisquit the Minotaur Berserker began the quest for
                  | the Orb.
     0 | D:1      | Reached XP level 1. HP: 19/19 MP: 0/0
   266 | D:1      | Reached XP level 2. HP: 27/27 MP: 1/1
   381 | D:1      | Reached skill level 4 in Axes
  1089 | D:2      | Reached XP level 3. HP: 33/33 MP: 2/2
  1092 | D:2      | Found a faded altar of an unknown god.
  1095 | D:2      | Reached ** piety under Trog
  1452 | D:2      | Reached skill level 5 in Axes
  1980 | D:3      | Reached XP level 4. HP: 40/40 MP: 3/3
  2115 | D:3      | Reached skill level 6 in Axes
  2737 | D:4      | Reached XP level 5. HP: 46/46 MP: 4/4
  2863 | D:4      | Noticed mkat's ghost (weakling DgGl)
  2864 | D:4      | Found a transporter.
  2905 | D:4      | Reached skill level 7 in Axes
  2974 | D:4      | Noticed an ogre
  2979 | D:4      | Killed an ogre
  2980 | D:4      | Reached skill level 8 in Axes
  2980 | D:4      | Reached XP level 6. HP: 52/52 MP: 5/5
  3023 | D:4      | Found a sand-covered staircase.
  3028 | Ossuary  | Entered an ossuary
  3036 | Ossuary  | Reached *** piety under Trog
  3043 | Ossuary  | Reached skill level 9 in Axes
  3049 | Ossuary  | Reached XP level 7. HP: 58/58 MP: 6/6
  3579 | D:4      | Found a radiant altar of Vehumet.
  3609 | D:4      | Reached skill level 10 in Axes
  3940 | D:4      | Found a hide-covered altar of Uskayaw.
  4102 | D:4      | Noticed a toenail golem
  4114 | D:4      | Found a one-way gate to the infinite horrors of the Abyss.
  4123 | D:4      | Found a transporter.
  4307 | D:4      | Killed a toenail golem
  4308 | D:4      | Reached skill level 12 in Axes
  4308 | D:4      | Reached XP level 8. HP: 57/66 MP: 7/7
  4334 | D:4      | Killed mkat's ghost
  4529 | D:5      | Entered Level 5 of the Dungeon
  4923 | D:5      | Reached skill level 13 in Axes
  5407 | D:5      | Found a shimmering altar of Xom.
  5454 | D:5      | Reached skill level 14 in Axes
  5512 | D:5      | Found a burning altar of Makhleb.
  5724 | D:5      | Reached XP level 9. HP: 71/71 MP: 8/8
  6065 | D:6      | Found an ornate altar of the Wu Jian Council.
  6085 | D:6      | Found a staircase to the Ecumenical Temple.
  6112 | D:6      | Reached **** piety under Trog
  6459 | D:7      | Noticed Prince Ribbit
  6469 | D:7      | Killed Prince Ribbit
  6470 | D:7      | Reached skill level 15 in Axes
  6636 | D:7      | Noticed a troll
  6644 | D:7      | Killed a troll
  6675 | D:7      | Identified the +8 glaive of Pyromania {vorpal, MP+9 Stlth+}
  6881 | D:7      | Reached skill level 5 in Fighting
  6887 | D:7      | Reached skill level 5 in Armour
  6890 | D:7      | Reached XP level 10. HP: 19/83 MP: 9/9
  7124 | D:7      | Noticed a gargoyle
  7130 | D:7      | Killed a gargoyle
  7160 | D:7      | Noticed a gargoyle
  7177 | D:7      | HP: 5/126 [gargoyle/stone arrow (22)]
  7178 | D:7      | Killed a gargoyle
  7230 | D:7      | Noticed a gargoyle
  7235 | D:7      | Killed a gargoyle
  7236 | D:7      | Reached skill level 16 in Axes
  7251 | D:7      | Noticed a gargoyle
  7258 | D:7      | Killed a gargoyle
  7273 | D:7      | Noticed a gargoyle
  7277 | D:7      | Killed a gargoyle
  7511 | D:8      | Found a blossoming altar of Fedhas.
  7991 | D:8      | Found a transporter.
  8013 | D:8      | Found a transporter.
  9091 | D:9      | Noticed a two-headed ogre
  9097 | D:9      | Killed a two-headed ogre
  9098 | D:9      | Reached XP level 11. HP: 95/95 MP: 10/10
  9310 | D:9      | Noticed a death yak
  9310 | D:9      | Noticed a death yak
  9321 | D:9      | Killed a death yak
  9322 | D:9      | Reached skill level 17 in Axes
  9322 | D:9      | Noticed a death yak
  9325 | D:9      | Killed a death yak
  9347 | D:9      | Killed a death yak
  9679 | D:9      | Found a staircase to the Lair.
  9854 | D:10     | Entered Level 10 of the Dungeon
  9874 | D:10     | Reached skill level 10 in Fighting
 10487 | D:10     | Reached ***** piety under Trog
 10497 | D:10     | Reached skill level 1 in Shields
 10512 | D:10     | Found a staircase to the Orcish Mines.
 10688 | D:10     | Found a sacrificial altar of Ru.
 11415 | D:11     | Reached skill level 5 in Shields
 11440 | D:11     | Found a frozen archway.
 11614 | D:11     | Paralysed by a hornet for 1 turns
 11835 | D:11     | Reached XP level 12. HP: 57/106 MP: 11/11
 11963 | IceCv    | Entered an ice cave
 12271 | D:12     | Noticed a two-headed ogre
 12281 | D:12     | Killed a two-headed ogre
 12284 | D:12     | Noticed a boulder beetle
 12318 | D:12     | Killed a boulder beetle
 12343 | D:12     | Reached skill level 10 in Shields
 12344 | D:12     | Paralysed by a hornet for 2 turns
 12611 | D:12     | Found the +4 robe of Augmentation {Str+4 Int+4 Dex+4}
 13004 | Lair:1   | Entered Level 1 of the Lair of Beasts
 13864 | Lair:2   | Upgraded the game from 0.29.1-4-g47bece8355 to
                  | 0.29.1-12-g30fa7ad0bf
 14219 | Lair:2   | Received a gift from Trog
 14536 | Lair:2   | Found a staircase to the Snake Pit.
 14867 | Lair:3   | Reached XP level 13. HP: 119/119 MP: 12/12
 14875 | Lair:3   | Found a large runed translucent door.
 14875 | Lair:3   | Found a large runed translucent door.
 15086 | Lair:3   | Found a basalt altar of Yredelemnul.
 15121 | Lair:3   | Noticed Urug
 15130 | Lair:3   | Killed Urug
 15163 | Lair:3   | Found a staircase to the Swamp.
 15203 | Lair:3   | Identified the +1 ring mail of Inquiry {rN+}
 15597 | Lair:3   | Noticed boopmooplesden's ghost (journeyman MiBe)
 16607 | Lair:5   | Entered Level 5 of the Lair of Beasts
 16695 | Lair:4   | Reached skill level 15 in Shields
 16750 | Lair:4   | HP: 6/125 [16-headed hydra (5)]
 16750 | Lair:4   | Slain by a 16-headed hydra

Illustrated notes

Levels and vault maps discovered:
D:1:      minmay_arrival_hallway, layout_basic
D:2:      layout_loops_cross, shapermc_ecumenical_altar_mp_ritualfount,
          nicolae_hexahallways
D:3:      layout_loops_ring, minmay_pentomino_pile
D:4:      layout_basic, nicolae_uskayaw_dance_hall, lemuel_doored_altar,
          enter_ossuary_5, gammafunk_ghost_abyssal_escape
D:5:      layout_cave_pods, mainiacjoe_overflow_alcove_2, xom_confusion_cloud
D:6:      layout_rooms, nicolae_overflow_crystal_walls,
          minmay_temple_entry_statues_pillars
D:7:      cheibrodos_statue_roulette, layout_gridville, supply_closet_lemuel,
          uniq_prince_ribbit1
D:8:      gammafunk_steamed_eel, layout_cave_pools, overflow_temple_1_default,
          serial_gnoll_camp, gnoll_camp_medium_02, gnoll_camp_mini_sergeant,
          gnoll_camp_mini_hut, gnoll_camp_medium_01, gnoll_camp_mini_loothouse,
          gnoll_camp_mini_doghouse, minmay_checkerbox
D:9:      layout_loops_ring, dpeg_lair_monsters, kennysheep_generic_room_15
D:10:     wad_lake_hut, layout_layer_cave, lemuel_coloured_pillars_altar,
          hiddenorc1_lemuel
D:11:     layout_basic, portal_ice_cave_rime
D:12:     layout_cave_pools, dreamdust_wasp_nest
Lair:1:   layout_regular_city, beast_lair_carwin_3
Lair:2:   layout_cave_pods, dummy_snake_entry
Lair:3:   layout_chaotic_city, minmay_swamp_entry_swarm,
          ebering_ghost_disaster_area, basic_altar, uniq_urug
Lair:4:   layout_small_grid, lemuel_fruit_fields, infiniplex_staircase_pool_2
Lair:5:   evilmike_catoblepas_cave, layout_loops_ring, slime_entry_1,
          grunt_megastairs_3, infiniplex_staircase_pool

Skill      XL: |  1  2  3  4  5  6  7  8  9 10 11 12 13 |
---------------+----------------------------------------+-----
Axes           | 4 5 6 8 9 12 14 15 16 17 | 17.5
Fighting       | 6 8 10 12 14 | 14.6
Armour         | 5 8 9 |  9.8
Shields        | 7 12 15 | 15.1
Dodging        | |  2.4

Action                   |  1- 3 |  4- 6 |  7- 9 | 10-12 | 13-15 || total
-------------------------+-------+-------+-------+-------+-------++-------
Melee: Hand axe          |    92 |   121 |   259 |       |       ||   472
       Headbutt          |    12 |    18 |    51 |   123 |    37 ||   241
       Punch             |       |       |     2 |     1 |       ||     3
       War axe           |       |       |    12 |   618 |       ||   630
       Broad axe         |       |       |       |    27 |   168 ||   195
Throw: Dart              |       |       |       |     2 |       ||     2
Invok: Berserk           |     2 |     3 |     6 |    21 |     7 ||    39
       Trog's Hand       |       |     1 |     1 |     5 |     2 ||     9
  Use: Scroll            |       |       |    10 |    17 |     2 ||    29
       Potion            |       |       |       |     3 |     1 ||     4
Armor: Animal skin       |     1 |       |       |       |       ||     1
       Scale mail        |    30 |    74 |    68 |       |       ||   172
       Plate armour      |       |       |    29 |   346 |   141 ||   516
Dodge: Dodged            |    41 |    51 |    90 |   176 |    58 ||   416
Block: Kite shield       |       |       |       |   192 |   137 ||   329
